 Dungeon Crawl Stone Soup version 0.30-a0-305-g026cb31310 (webtiles) character file.

Game seed: 5843894574048999431

9072 mopl the Covert (level 11, -10/74 HPs)
             Began as an Octopode Brigand on Oct 22, 2022.
             Was a Believer of Dithmenos.
             Killed from afar by a gargoyle (19 damage)
             ... with a stone arrow
             ... on level 11 of the Dungeon.
             The game lasted 00:23:00 (8984 turns).

mopl the Covert (Octopode Brigand)                  Turns: 8984, Time: 00:23:00

Health: -10/74     AC:  5    Str: 10    XL:     11   Next: 40%
Magic:  0/26       EV: 18    Int: 19    God:    Dithmenos [**....]
Gold:   300        SH:  9    Dex: 13    Spells: 11/18 levels left

rFire   . . .      SeeInvis +    L - +1 scimitar (flame)
rCold   . . .      Faith    .    M - +0 kite shield
rNeg    . . .      Spirit   +    (helmet restricted)
rPois   .          Reflect  .    n - amulet of guardian spirit
rElec   .          Harm     .    u - ring of see invisible
rCorr   .          Rampage  .    w - ring of magical power
Will    .....                    G - +4 ring of evasion
Stlth   +++++++...               U - +4 ring of protection
HPRegen 0.32/turn                (no ring)
MPRegen 0.20/turn                (no ring)
                                 (no ring)
                                 (no ring)

@: wreathed by umbra
A: almost no armour, amphibious, 8 rings, camouflage 1, gelatinous body 1,
(nimble swimmer 1), tentacles
a: Renounce Religion, Shadow Step


You were on level 11 of the Dungeon.
You worshipped Dithmenos.
Dithmenos was pleased with you.
You visited 2 branches of the dungeon, and saw 12 of its levels.
You also visited: Sewer.

You collected 645 gold pieces.
You spent 345 gold pieces at shops.

Inventory:

Hand Weapons
 a - a +2 dagger of venom
 b - a +2 rapier of electrocution
 L - a +1 scimitar of flaming (weapon)
Missiles
 c - 2 curare-tipped darts
 j - 5 boomerangs of dispersal
 N - 6 boomerangs
 P - 22 poisoned darts (quivered)
Armour
 p - a +0 tower shield
 M - a +0 kite shield (worn)
Jewellery
 g - an amulet of regeneration
 l - an amulet of magic regeneration
 n - an amulet of guardian spirit (around mantle)
 s - a ring of ice
 u - a ring of see invisible (left tentacle)
 w - a ring of magical power (right tentacle)
 D - the Hermit's Pendant {Faith Invo=14 Evo=0 MP+5}
   (You found it on level 5 of the Dungeon)

   [amulet of faith]

   It sets your invocations skill to 14 and your evocations skill to 0.
   It allows you to gain divine favour quickly.
   MP:        It affects your magic capacity (+5).
 G - a +4 ring of evasion (on tentacle)
 K - a ring of ice
 U - a +4 ring of protection (on tentacle)
Wands
 e - a wand of roots (3)
 x - a wand of flame (9)
 Q - a wand of light (4)
 V - a wand of polymorph (2)
Scrolls
 f - a scroll of immolation
 h - a scroll of magic mapping
 i - 2 scrolls of fog
 k - 3 scrolls of teleportation {unknown}
 o - 2 scrolls of poison {unknown}
 q - 3 scrolls of silence {unknown}
 r - 2 scrolls of enchant armour {unknown}
 t - 3 scrolls of noise {unknown}
 v - 3 scrolls of blinking {unknown}
 y - 4 scrolls of amnesia {unknown}
 C - 4 scrolls of vulnerability {unknown}
 E - 3 scrolls of enchant weapon {unknown}
 T - a scroll of fear
Potions
 d - 6 potions of curing
 m - 4 potions of haste
 z - 3 potions of mutation {!q}
 A - 6 potions of flight
 B - 3 potions of might
 F - 3 potions of magic
 H - 6 potions of heal wounds
 I - a potion of lignification {!q}
 J - 2 potions of resistance
 O - 7 potions of ambrosia
 R - 2 potions of brilliance
 S - a potion of berserk rage {!q}
Miscellaneous
 W - a phantom mirror (inert)
 X - a tin of tremorstones (2/2)


   Skills:
 + Level 6.4 Fighting
 - Level 2.0(2.7) Short Blades
 + Level 2.9(3.2) Long Blades
 + Level 6.4 Throwing
 + Level 6.2 Dodging
 + Level 10.2 Stealth
 + Level 5.4 Shields
 - Level 4.0 Spellcasting
 + Level 1.4 Conjurations
 + Level 3.7 Hexes
 - Level 4.0 Transmutations
 - Level 2.0 Ice Magic
 - Level 4.0 Earth Magic
 + Level 3.9 Invocations
 + Level 4.3 Evocations


You had 11 spell levels left.
You knew the following spells:

 Your Spells              Type           Power      Damage    Failure   Level
b - Ensorcelled Hibernat  Hex/Ice        28%        N/A       19%         2
d - Dazzling Flash        Conj/Hex       26%        N/A       36%         3
p - Passwall              Tmut/Erth      15%        N/A       11%         2

Your spell library contained the following spells:

 Spells                   Type           Power      Damage    Failure   Level
 Sandblast                Erth           38%        2d10      8%          1
 Slow                     Hex            72%        N/A       9%          1
 Confusing Touch          Hex            18%        N/A       24%         3
 Apportation              Tloc           6%         N/A       36%         1
 Stone Arrow              Conj/Erth      28%        3d8       36%         3
 Cigotuvi's Dreadful Rot  Necr/Pois/Air  6%         N/A       50%         2
 Poisonous Vapours        Pois/Air       6%         N/A       50%         2
 Mephitic Cloud           Conj/Pois/Air  5%         N/A       67%         3
 Swiftness                Air            3%         N/A       75%         3
 Vampiric Draining        Necr           3%         2d6       75%         3
 Alistair's Intoxication  Tmut/Pois      7%         N/A       99%         5
 Silence                  Hex/Air        5%         N/A       99%         5
 Agony                    Necr           3%         N/A       100%        5


Dungeon Overview and Level Annotations

Branches:
Dungeon (11/15)            Temple (1/1) D:7           Sewer (visited)
   Lair: D:8-11         Orc: D:9-12

Altars:
Dithmenos
Gozag
Hepliaklqana
Makhleb
Okawaru
Qazlal
Sif Muna
Yredelemnul
The Shining One

Shops:
D:9 *![=(   D:10 =

Annotations:
D:4 2 transporters, Verendum's ghost, amateur OpDe
D:9 1 runed translucent door, Shym's ghost, novice BaIE


Innate Abilities, Weirdness & Mutations

You cannot wear most types of armour.
You are amphibious.
You can wear up to eight rings at the same time.
Your skin changes colour to match your surroundings (Stealth+).
Your rubbery body absorbs attacks. (AC +1, EV +1)
((You are camouflaged when in or above water. (Stealth+)))
You have tentacles for arms and can constrict up to eight enemies at once.


Message History

Aim: a gargoyle, wielding a +0 flail You reflect the gargoyle with the mirror!
The mirror clouds!
Your gargoyle hits the gargoyle with a +0 flail!
The gargoyle hits your gargoyle with a +0 flail!
Your gargoyle hits the gargoyle but does no damage.
The gargoyle hits your gargoyle with a +0 flail!!
Your gargoyle is destroyed!
Your gargoyle shimmers and vanishes!
Your +2 dagger of venom stops dripping with poison.
Your +1 scimitar of flaming bursts into flame!
L - a +1 scimitar of flaming (weapon)
You hit the gargoyle but do no damage. You grab the gargoyle.
The gargoyle is moderately damaged.
You constrict the gargoyle, but do no damage.
You block the gargoyle's attack. The gargoyle hits you with a +0 flail!
You hit the gargoyle but do no damage.
The gargoyle is moderately damaged.
You constrict the gargoyle. The gargoyle misses you.
You completely miss the gargoyle.
The gargoyle is moderately damaged.
You constrict the gargoyle. The gargoyle hits you with a +0 flail!
You hit the gargoyle but do no damage.
You squeeze the gargoyle, but do no damage.
The gargoyle is heavily damaged.
You constrict the gargoyle, but do no damage.
You block the gargoyle's attack. The gargoyle hits you with a +0 flail!!
* * * LOW HITPOINT WARNING * * *
You completely miss the gargoyle.
The gargoyle is heavily damaged.
You constrict the gargoyle.
The gargoyle hurls a stone arrow at you.
The stone arrow hits you!
* * * LOW HITPOINT WARNING * * *
You hit the gargoyle. You burn the gargoyle.
The gargoyle is almost destroyed.
You constrict the gargoyle, but do no damage.
The gargoyle hurls a stone arrow at you.
The stone arrow hits you!!
You die...

..#..#.
#........>###############
+.......................#
#....#...##..##.........#
#....#........#.........#
...#.#.###...........)#
.... ##...........#
###.######...........#
##<.@9..............#
#.....###......###.##
#.....#.......## #.#
#...........#.# #.##
#.....#.###.#.# #)9#
#...........#.# ##..
#.....#.###.#)# ###
#.#####....)..####### #.
............9..


You could see a gargoyle.

Vanquished Creatures
  A two-headed ogre (D:10)
  A deep elf pyromancer (D:9)
  Joseph (D:7)
  A gargoyle (D:10)
  Maggie (D:7)
  An efreet (D:8)
  2 kobold demonologists (D:10)
  A queen bee (D:9)
  A troll (D:11)
  Prince Ribbit (D:6)
  2 wyverns
  A wraith (D:10)
  6 yaks (D:10)
  4 steam dragons
  Edmund (D:6)
  Duvessa (D:6)
  A sky beast (D:4)
  An ice beast (D:6)
  3 black bears
  4 ogres
  A phantom (D:5)
  A kobold brigand (D:10)
  4 bullfrogs
  A necrophage (D:6)
  2 scorpions
  7 wights
  Dowan (D:6)
  23 killer bees (D:9)
  2 howler monkeys
  3 orc priests
  A jelly (D:6)
  A gnoll bouda (D:10)
  2 hounds (D:5)
  Crazy Yiuf (D:4)
  3 iron imps (D:9)
  4 iguanas
  5 orc wizards
  3 gnolls (D:10)
  11 adders
  4 river rats (Sewer)
  A white imp (D:5)
  3 ufetubi
  6 worms
  3 dart slugs
  22 orcs
  12 endoplasms
  6 giant cockroaches
  8 goblins
  8 hobgoblins
  10 jackals
  10 kobolds
  5 quokkas
  12 ball pythons
  17 bats
  9 frilled lizards
  3 rats (D:1)
250 creatures vanquished.

Vanquished Creatures (others)
  A fungus (D:9)
  3 plants (D:9)
4 creatures vanquished.

Grand Total: 254 creatures vanquished

Notes
Turn   | Place    | Note
-------+----------+-------------------------------------------
     0 | D:1      | mopl the Octopode Brigand began the quest for the Orb.
     0 | D:1      | Reached XP level 1. HP: 14/14 MP: 1/1
   223 | D:1      | Reached XP level 2. HP: 19/19 MP: 2/2
   708 | D:1      | Reached XP level 3. HP: 25/25 MP: 3/3
  1010 | D:2      | Found a shimmering blue altar of Sif Muna.
  1084 | D:2      | Reached XP level 4. HP: 30/30 MP: 4/4
  1095 | D:2      | Reached skill level 2 in Dodging
  1232 | D:2      | Reached skill level 6 in Stealth
  1796 | D:3      | Reached skill level 3 in Throwing
  1974 | D:3      | Learned a level 2 spell: Passwall
  2300 | D:4      | Reached XP level 5. HP: 32/36 MP: 5/5
  2345 | D:4      | Reached skill level 3 in Fighting
  2352 | D:4      | Found a glowing drain.
  2392 | D:4      | Found a transporter.
  2405 | Sewer    | Entered a sewer
  2499 | Sewer    | Reached skill level 1 in Earth Magic
  2504 | Sewer    | Reached XP level 6. HP: 42/42 MP: 7/7
  2507 | Sewer    | Reached skill level 1 in Shields
  2627 | Sewer    | Reached skill level 1 in Spellcasting
  2631 | Sewer    | Reached skill level 1 in Transmutations
  2911 | D:4      | Noticed a sky beast
  2947 | D:4      | Killed a sky beast
  3124 | D:4      | Found a transporter.
  3125 | D:4      | Noticed Verendum's ghost (amateur OpDe)
  3205 | D:4      | Found a runed translucent door.
  3206 | D:4      | Noticed Crazy Yiuf
  3213 | D:4      | Killed Crazy Yiuf
  3214 | D:4      | Reached XP level 7. HP: 46/46 MP: 9/9
  3318 | D:5      | Entered Level 5 of the Dungeon
  3378 | D:5      | Reached skill level 3 in Dodging
  3465 | D:5      | Reached skill level 7 in Stealth
  3465 | D:5      | Reached skill level 2 in Shields
  3492 | D:5      | Reached skill level 2 in Earth Magic
  3525 | D:5      | Reached skill level 2 in Transmutations
  3531 | D:5      | Reached skill level 4 in Throwing
  3531 | D:5      | Reached skill level 2 in Spellcasting
  3538 | D:5      | Reached XP level 8. HP: 54/54 MP: 11/11
  3568 | D:5      | Reached skill level 4 in Fighting
  3768 | D:5      | Found a faded altar of an unknown god.
  3768 | D:5      | Found the Hermit's Pendant {Faith Invo=14 Evo=0 MP+5}
  4026 | D:6      | Noticed Edmund
  4027 | D:6      | Noticed Prince Ribbit
  4035 | D:6      | Killed Prince Ribbit
  4036 | D:6      | Reached skill level 3 in Shields
  4036 | D:6      | Reached skill level 3 in Earth Magic
  4057 | D:6      | Killed Edmund
  4058 | D:6      | Reached skill level 4 in Dodging
  4058 | D:6      | Reached skill level 8 in Stealth
  4058 | D:6      | Reached skill level 3 in Spellcasting
  4058 | D:6      | Reached skill level 3 in Transmutations
  4218 | D:6      | Reached XP level 9. HP: 46/59 MP: 13/13
  4742 | D:6      | Reached skill level 5 in Throwing
  4747 | D:6      | Noticed Dowan
  4753 | D:6      | Noticed Duvessa
  4755 | D:6      | Killed Duvessa
  4759 | D:6      | Killed Dowan
  4817 | D:6      | Learned a level 2 spell: Ensorcelled Hibernation
  5058 | D:7      | Noticed Maggie
  5067 | D:7      | Killed Maggie
  5068 | D:7      | Reached skill level 5 in Fighting
  5068 | D:7      | Reached skill level 1 in Evocations
  5111 | D:7      | Found a staircase to the Ecumenical Temple.
  5120 | Temple   | Entered the Ecumenical Temple
  5162 | Temple   | Became a worshipper of Dithmenos the Shadowed
  5215 | D:7      | Noticed Joseph
  5264 | D:7      | Killed Joseph
  5265 | D:7      | Reached skill level 4 in Shields
  5265 | D:7      | Reached skill level 1 in Hexes
  5265 | D:7      | Reached skill level 4 in Transmutations
  5265 | D:7      | Reached skill level 1 in Ice Magic
  5265 | D:7      | Reached skill level 4 in Earth Magic
  5344 | D:7      | Reached skill level 5 in Dodging
  5344 | D:7      | Reached skill level 1 in Invocations
  5594 | D:7      | Reached skill level 2 in Evocations
  5801 | D:8      | Reached skill level 9 in Stealth
  5801 | D:8      | Reached XP level 10. HP: 49/66 MP: 15/15
  6556 | D:8      | Reached skill level 2 in Hexes
  6556 | D:8      | Reached skill level 2 in Ice Magic
  6805 | D:9      | Reached skill level 2 in Invocations
  6846 | D:9      | Found Aditih's Antique Armour Boutique.
  6861 | D:9      | Found Xenor's Jewellery Emporium.
  6862 | D:9      | Found Tuoreriesu's Distillery.
  6871 | D:9      | Bought a potion of brilliance for 44 gold pieces
  6871 | D:9      | Bought a potion of brilliance for 44 gold pieces
  6871 | D:9      | Bought a potion of berserk rage for 55 gold pieces
  6871 | D:9      | Bought a potion of heal wounds for 55 gold pieces
  6871 | D:9      | Bought a potion of curing for 33 gold pieces
  6871 | D:9      | Bought a potion of heal wounds for 55 gold pieces
  6871 | D:9      | Bought a potion of curing for 33 gold pieces
  6944 | D:9      | Found Zetehi Herr's General Store.
  6947 | D:9      | Bought a scroll of identify for 26 gold pieces
  6982 | D:9      | Found a runed translucent door.
  6984 | D:9      | Identified the +7 trident of the Scorpion {pain, rPois rC-
                  | Str-3 SInv}
  6989 | D:9      | Noticed Shym's ghost (novice BaIE)
  7216 | D:9      | Found a burning altar of Makhleb.
  7311 | D:9      | Reached * piety under Dithmenos
  7312 | D:9      | Reached skill level 1 in Long Blades
  7312 | D:9      | Reached skill level 3 in Evocations
  7324 | D:9      | Reached skill level 4 in Spellcasting
  7476 | D:9      | Found Tumil's Antique Weapon Boutique.
  7519 | D:9      | Noticed a deep elf pyromancer
  7542 | D:9      | Killed a deep elf pyromancer
  7543 | D:9      | Reached skill level 6 in Throwing
  7543 | D:9      | Reached skill level 5 in Shields
  7543 | D:9      | Reached skill level 3 in Hexes
  7543 | D:9      | Reached skill level 3 in Invocations
  7574 | D:10     | Entered Level 10 of the Dungeon
  7609 | D:10     | Found Zucvedewk's Jewellery Emporium.
  7622 | D:10     | Noticed a two-headed ogre
  7643 | D:10     | Killed a two-headed ogre
  7644 | D:10     | Reached skill level 6 in Fighting
  7644 | D:10     | Reached skill level 2 in Long Blades
  7644 | D:10     | Reached XP level 11. HP: 72/72 MP: 17/17
  7973 | D:10     | Learned a level 3 spell: Dazzling Flash
  8124 | D:10     | Reached skill level 6 in Dodging
  8124 | D:10     | Reached skill level 10 in Stealth
  8124 | D:10     | Reached skill level 4 in Evocations
  8130 | D:10     | Noticed a soul eater
  8485 | D:10     | Reached skill level 1 in Conjurations
  8759 | D:10     | Reached ** piety under Dithmenos
  8921 | D:11     | Noticed a boulder beetle
  8984 | D:11     | Killed from afar by a gargoyle

Illustrated notes

Levels and vault maps discovered:
D:1:      doesnt_arrival_eight_statues, layout_loops_corners
D:2:      layout_basic, basic_altar, minmay_hexomino_p4
D:3:      layout_rooms
D:4:      layout_cave_pools, cheibrodos_sewer_entry_drain,
          gammafunk_ghost_smash, uniq_crazy_yiuf_cottage
D:5:      layout_basic, hellmonk_guarded_unrand_hermit
D:6:      layout_loops_cross, uniq_edmund, uniq_prince_ribbit1, uniq_duvessa
D:7:      layout_basic, minmay_temple_entry_stoned_glass, serial_glass,
          glass_columns_b, glass_columns_c, glass_columns_a, glass_columns_c,
          uniq_maggie, uniq_joseph
D:8:      layout_basic
D:9:      layout_roguey [special_room_bee], demons_altar,
          ebering_ghost_funeral_grove, serial_shops, shop, shop, shop,
          kennysheep_mini_moat, kennysheep_little_box
D:10:     layout_grid_maze, serial_shops, nicolae_shop_behind_doors
D:11:     layout_basic, david_lair_generic, orc_0_dummy,
          ebering_ghost_disaster_area, uniq_fannar
Temple:   minmay_crystal_snake_temple

Skill      XL: |  1  2  3  4  5  6  7  8  9 10 11 |
---------------+----------------------------------+-----
Dodging        | 2 3 4 5 6 |  6.2
Stealth        | 6 7 8 9 10 | 10.2
Throwing       | 3 4 5 6 |  6.4
Fighting       | 3 4 5 6 |  6.4
Earth Magic    | 1 2 3 4 |  4.0
Shields        | 1 2 3 4 5 |  5.4
Spellcasting   | 1 2 3 4 |  4.0
Transmutations | 1 2 3 4 |  4.0
Evocations     | 2 3 4 |  4.3
Hexes          | 1 3 |  3.7
Ice Magic      | 1 2 |  2.0
Invocations    | 1 3 |  3.9
Long Blades    | 2 |  2.9
Conjurations   | 1 |  1.4
Short Blades   | |  2.0

Action                   |  1- 3 |  4- 6 |  7- 9 | 10-12 || total
-------------------------+-------+-------+-------+-------++-------
Melee: Dagger            |    64 |   161 |   129 |   167 ||   521
       Tentacles         |    14 |    33 |    28 |    62 ||   137
       Constrict         |    11 |    32 |    27 |    27 ||    97
       Punch             |       |     2 |     3 |     5 ||    10
       Rapier            |       |       |       |    12 ||    12
       Scimitar          |       |       |       |    19 ||    19
Throw: Dart              |       |     6 |    11 |    17 ||    34
 Cast: Passwall          |       |       |       |    12 ||    12
       Ensorcelled Hiber |       |       |       |     2 ||     2
Evoke: Wand              |       |       |       |    15 ||    15
       Phantom mirror    |       |       |       |     1 ||     1
  Use: Scroll            |       |     5 |     3 |     6 ||    14
       Potion            |       |     1 |     1 |       ||     2
 Stab: Sleeping          |    13 |    32 |    20 |    15 ||    80
       Distracted        |       |       |     1 |       ||     1
Armor: Skin              |     7 |    14 |     1 |    22 ||    44
Dodge: Dodged            |    31 |    81 |    36 |   185 ||   333
Block: Tower shield      |       |    75 |    63 |    14 ||   152
       Kite shield       |       |       |       |   102 ||   102

Table legend: (Time is in decaauts)
 A = Elapsed time spent in this place.
 B = Non-inter-level travel time spent in this place.
 C = Inter-level travel time spent in this place.
 D = Time resting spent in this place.
 E = Time spent auto-exploring this place.
 F = Levels seen in this place.
 G = Mean time per level.
                   A        B        C        D        E       F      G
               +--------+--------+--------+--------+--------+-----+--------+
         Total |   9079 |   8817 |    262 |   1056 |   5354 |  13 |  698.4 |
       Dungeon |   8500 |   8272 |    228 |   1019 |   5095 |  11 |  772.7 |
        Temple |     75 |     42 |     33 |      0 |     29 |   1 |   75.0 |
         Sewer |    502 |    502 |      0 |     37 |    230 |   1 |  502.0 |
               +--------+--------+--------+--------+--------+-----+--------+

Top non-repeatable levels by time:
    D:10: 1300 daAuts
     D:8: 940 daAuts
     D:6: 933 daAuts
     D:1: 930 daAuts
     D:9: 859 daAuts
     D:5: 835 daAuts
     D:2: 834 daAuts
     D:7: 660 daAuts
     D:4: 621 daAuts
   Sewer: 502 daAuts
     D:3: 458 daAuts
    D:11: 127 daAuts
  Temple: 75 daAuts
